 Dungeon Crawl Stone Soup version 0.25.1-2-g60ff931df9 (webtiles) character file.

Game seed: 6661496815633591485

3685 coolio the Protected (level 9, 0/66 HPs)
             Began as a Demonspawn Fighter on Oct 23, 2020.
             Was a Priest of Okawaru.
             Slain by an orc warrior
             ... wielding a cursed -2 mace
              (11 damage)
             ... on level 7 of the Dungeon.
             The game lasted 00:09:30 (7442 turns).

coolio the Protected (Demonspawn Fighter)           Turns: 7442, Time: 00:09:30

Health: 0/66       AC: 11    Str: 20    XL:     9   Next: 90%
Magic:  13/13      EV:  9    Int: 10    God:    Okawaru [***...]
Gold:   249        SH:  0    Dex: 12    Spells: 8/8 levels left

rFire    . . .     SeeInvis .   c - +0 whip (elec)
rCold    . . .     Gourm    .   (no shield)
rNeg     . . .     Faith    .   b - +0 scale mail
rPois    .         Spirit   .   D - +0 helmet
rElec    .         Reflect  .   k - +0 cloak
rCorr    .         Harm     .   (no gloves)
MR       .....                  (no boots)
Stlth    ..........             (no amulet)
HPRegen  0.21/turn              h - +4 ring of slaying
MPRegen  0.13/turn              (no ring)

@: no status effects
A: talons 1, powered by pain 2, spiny 1
a: Heroism, Renounce Religion


You were on level 7 of the Dungeon.
You worshipped Okawaru.
Okawaru was most pleased with you.
You were not hungry.

You visited 1 branch of the dungeon, and saw 7 of its levels.
You also visited: Ossuary.

You collected 249 gold pieces.

Inventory:

Hand Weapons
 a - a +0 war axe
 c - a +0 whip of electrocution (weapon)
Missiles
 q - 7 curare-tipped darts (quivered)
Armour
 b - a +0 scale mail (worn)
 k - a +0 cloak (worn)
 D - a +0 helmet (worn)
Jewellery
 h - a +4 ring of slaying (left hand)
 o - an uncursed ring of magical power
 p - an uncursed amulet of faith
 s - an uncursed ring of fire
 K - an uncursed amulet of the acrobat {unknown}
Wands
 w - a wand of enslavement (5)
 y - a wand of digging (6)
 F - a wand of random effects (14)
 I - a wand of polymorph (8)
Scrolls
 i - 2 scrolls of magic mapping
 j - a scroll of enchant armour
 l - a scroll of blinking {unknown}
 m - 2 scrolls of fog {unknown}
 r - 7 scrolls of remove curse
 t - a scroll of enchant weapon {unknown}
 u - 6 scrolls of teleportation {unknown}
 v - 6 scrolls of identify
 z - 2 scrolls of amnesia {unknown}
 B - 2 scrolls of random uselessness {unknown}
 E - 3 scrolls of immolation {unknown}
 H - a scroll of summoning {unknown}
 J - 3 scrolls of fear {unknown}
 N - a scroll of noise {unknown}
Potions
 d - a potion of might
 e - 4 potions of curing
 g - a potion of brilliance
 n - a potion of resistance {unknown}
 x - 2 potions of heal wounds {unknown}
 A - 2 potions of lignification {unknown}
 C - 3 potions of flight {unknown}
 G - a potion of degeneration {unknown}
 L - 2 potions of magic {unknown}
 M - 2 potions of stabbing {unknown}
 O - 2 potions of mutation {unknown}
Comestibles
 f - 8 rations
 P - 4 chunks of flesh


   Skills:
 - Level 4.6 Fighting
 * Level 8.5 Axes
 * Level 8.7 Armour
   Level 2.6 Shields
 + Level 6.6 Invocations


You had 8 spell levels left.
You didn't know any spells.
Your spell library was empty.

Dungeon Overview and Level Annotations

Branches:
Dungeon (7/15)             Temple (0/1) D:5         Ossuary (visited)

Altars:
Hepliaklqana
Nemelex Xobeh
Okawaru
Ru
Trog

Shops:
D:4 :


Innate Abilities, Weirdness & Mutations

You have sharp toenails.
You sometimes gain power by taking damage.
You are partially covered in sharp spines.


Message History

You hit the hornet zombie. You claw the hornet zombie!
The hornet zombie is severely damaged.
The hornet zombie is struck by your spines.
The hornet zombie hits you.
* * * LOW HITPOINT WARNING * * *
You whack the hornet zombie!
You destroy the hornet zombie!
Okawaru accepts your kill.
You barely miss the orc warrior.
The orc warrior is moderately wounded.
The orc warrior is struck by your spines.
The orc warrior hits you with a cursed -2 mace!
* * * LOW HITPOINT WARNING * * *
You whack the orc warrior! Your kick misses the orc warrior.
The orc warrior is severely wounded.
You barely miss the orc warrior. Your kick misses the orc warrior.
The orc warrior is severely wounded.
The orc warrior is struck by your spines.
The orc warrior hits you with a cursed -2 mace!
You die...

.#.##................
.......#............##
.....!.#.............#
...................# #
..........#........# #
##))..##........###
#..)........>....#.
##o##.##...........
#@.#####........#.
#.....## #.....)###.
##....# ##.[........
#...## #........#..
....# #........#..
...... ...........#.
###......
..........###
.........
#............
..>...#.. .........##.


You could see an orc warrior.

Vanquished Creatures
  The ghost of Fractals the Skirmisher, a novice DrAr (D:5)
  3 hungry ghosts (D:7)
  A water moccasin (D:7)
  An orc warrior (D:7)
  A black bear (D:6)
  An ice beast (D:5)
  2 sky beasts (D:5)
  2 phantoms
  A hornet zombie (D:7)
  A centaur (D:7)
  A wyvern zombie (Ossuary)
  3 bullfrogs
  A scorpion (D:7)
  4 killer bees (D:7)
  2 howler monkeys (D:7)
  A crimson imp (D:7)
  4 hounds
  2 jellies
  A quasit (D:3)
  2 bullfrog zombies (Ossuary)
  2 centaur zombies (Ossuary)
  7 orc priests
  A bullfrog skeleton (D:4)
  A centaur skeleton (D:5)
  4 orc wizards
  Terence (D:3)
  3 iguanas
  5 worker ants
  4 killer bee zombies
  3 hound zombies (Ossuary)
  2 hound skeletons (D:5)
  9 mummies
  A howler monkey zombie (Ossuary)
  2 worker ant zombies (Ossuary)
  6 adders
  6 adder zombies
  4 worms
  2 leopard geckos
  19 orcs
  2 ball pythons
  10 bats
  6 giant cockroaches
  7 hobgoblins
  5 jackals
  A quokka (D:3)
  4 frilled lizards
  A hobgoblin zombie (D:5)
  2 jackal zombies (Ossuary)
  7 kobolds
  2 kobold zombies (D:5)
  A leopard gecko skeleton (D:5)
  A leopard gecko zombie (Ossuary)
  An orc zombie (D:5)
  A quokka skeleton (D:5)
  5 rats
173 creatures vanquished.

Vanquished Creatures (collateral kills)
  An orc priest (D:4)
  A hound (D:4)
  An orc (D:4)
3 creatures vanquished.

Vanquished Creatures (others)
  A withered plant (Ossuary)
1 creature vanquished.

Grand Total: 177 creatures vanquished

Notes
Turn   | Place    | Note
-------+----------+-------------------------------------------
     0 | D:1      | coolio the Demonspawn Fighter began the quest for the Orb.
     0 | D:1      | Reached XP level 1. HP: 18/18 MP: 1/1
   309 | D:1      | Gained mutation: You sometimes gain a little power by
                  | taking damage. [demonic ancestry]
   309 | D:1      | Reached XP level 2. HP: 24/24 MP: 2/2
  1166 | D:2      | Reached XP level 3. HP: 29/29 MP: 3/3
  1804 | D:3      | Found a bloodstained altar of Trog.
  1844 | D:3      | Reached XP level 4. HP: 35/35 MP: 4/4
  2162 | D:3      | Found a sparkling altar of Nemelex Xobeh.
  2204 | D:3      | Noticed Terence
  2210 | D:3      | Killed Terence
  2447 | D:2      | HP: 1/37 [poisoned by an orc]
  2916 | D:3      | Gained mutation: You are partially covered in sharp spines.
                  | [demonic ancestry]
  2916 | D:3      | Reached XP level 5. HP: 26/42 MP: 5/5
  3299 | D:4      | Reached XP level 6. HP: 31/48 MP: 6/6
  3723 | D:4      | Found Falot's Book Boutique.
  4245 | D:5      | Entered Level 5 of the Dungeon
  4379 | D:5      | Noticed an ice beast
  4386 | D:5      | Killed an ice beast
  4386 | D:5      | Reached skill level 5 in Armour
  4386 | D:5      | Reached XP level 7. HP: 38/55 MP: 7/7
  4569 | D:5      | Found a runed translucent gate.
  4570 | D:5      | Found a runed translucent gate.
  4578 | D:5      | Found a runed translucent gate.
  4586 | D:5      | Noticed Fractals's ghost (novice DrAr)
  4632 | D:5      | Found an iron altar of Okawaru.
  4644 | D:5      | Became a worshipper of Warmaster Okawaru
  4713 | D:5      | Reached skill level 5 in Axes
  4724 | D:5      | Reached skill level 1 in Invocations
  5230 | D:5      | Found a staircase to the Ecumenical Temple.
  5526 | D:5      | Killed Fractals's ghost
  5526 | D:5      | Gained mutation: You sometimes gain power by taking damage.
                  | [demonic ancestry]
  5526 | D:5      | Reached XP level 8. HP: 30/61 MP: 8/10
  5528 | D:5      | Reached * piety under Okawaru
  5762 | D:6      | Found a sparkling altar of Nemelex Xobeh.
  6304 | D:6      | Found a sacrificial altar of Ru.
  6536 | D:7      | Found a sand-covered staircase.
  6573 | D:7      | Reached ** piety under Okawaru
  6574 | D:7      | Gained mutation: You have sharp toenails. [demonic
                  | ancestry]
  6574 | D:7      | Reached XP level 9. HP: 54/66 MP: 12/12
  6583 | D:7      | Reached skill level 5 in Invocations
  6624 | Ossuary  | Entered an ossuary
  6944 | Ossuary  | Reached *** piety under Okawaru
  7267 | D:7      | Found a hazy altar of Hepliaklqana.
  7442 | D:7      | Slain by an orc warrior

Illustrated notes

Levels and vault maps discovered:
D:1:      erik_arrival_triangle_small, layout_loops_ring,
          minmay_misc_feat_square
D:2:      layout_basic, grunt_decor_fettered
D:3:      layout_basic, lemuel_crystal_altar, bloody_trog, uniq_terence
D:4:      layout_loops_ring, serial_shops, nicolae_shop_behind_doors,
          cheibrodos_sewer_entry_bend
D:5:      layout_rooms, okawaru_gym_becter, lemuel_temple_firewalk_b,
          gammafunk_ghost_necromancy, first_ration, minmay_mini_ossuary
D:6:      layout_rooms, nicolae_overflow_hidden_temple, basic_altar,
          hangedman_ru_absence
D:7:      layout_cave_pools, overflow_temple_1_default,
          nicolae_ossuary_entry_plus

Skill      XL: |  1  2  3  4  5  6  7  8  9 |
---------------+----------------------------+-----
Axes           | 2 3 4 6 7 8 |  8.5
Armour         | 3 4 5 6 7 8 |  8.7
Fighting       | 4 |  4.6
Invocations    | 3 4 6 |  6.6
Shields        | |  2.6

Action                   |  1- 3 |  4- 6 |  7- 9 || total
-------------------------+-------+-------+-------++-------
Melee: Whip              |   111 |    86 |   294 ||   491
       Kick              |       |       |    50 ||    50
Evoke: Wand              |       |     2 |       ||     2
  Use: Scroll            |     4 |       |       ||     4
       Potion            |       |       |     2 ||     2
 Stab: Distracted        |       |     1 |       ||     1
  Eat: Chunk             |     3 |     8 |     4 ||    15
       Ration            |       |       |     3 ||     3
Armor: Scale mail        |    79 |    51 |   116 ||   246
Dodge: Dodged            |    72 |    32 |   106 ||   210
